 Dungeon Crawl Stone Soup version 0.29-a0-378-gc08b2e8bf8 (webtiles) character file.

Game seed: 6781982419493625887

5228 dolemite99 the Martial Artist (level 10, -1/91 HPs)
             Began as a Gnoll Transmuter on May 5, 2022.
             Was an Elder of Kikubaaqudgha.
             Slain by a water moccasin (4 damage)
             ... on level 9 of the Dungeon.
             The game lasted 00:12:56 (16328 turns).

dolemite99 the Martial Artist (Gnoll Transmuter)   Turns: 16328, Time: 00:12:57

Health: -1/91      AC:  8    Str: 11    XL:     10   Next: 61%
Magic:  18/21      EV: 12    Int: 22    God:    Kikubaaqudgha [****..]
Gold:   420        SH:  0    Dex: 12    Spells: 13/24 levels left

rFire   x . .      SeeInvis .     - Unarmed
rCold   + + +      Faith    .   (shield currently unavailable)
rNeg    . . .      Spirit   .   (body armour currently unavailable)
rPois   +          Reflect  .   (helmet currently unavailable)
rElec   .          Harm     .   (cloak currently unavailable)
rCorr   .          Rampage  .   (gloves currently unavailable)
Will    .....                   (boots currently unavailable)
Stlth   +++.......              (no amulet)
HPRegen 0.25/turn               e - +6 ring of intelligence
MPRegen 0.17/turn               (no ring)

@: ice-form
A: freezing attack, amphibious, boosted hp, large, (fangs 1), strong nose,
distributed training
a: End Transformation, Renounce Religion, Receive Corpses


You were on level 9 of the Dungeon.
You worshipped Kikubaaqudgha.
Kikubaaqudgha was greatly pleased with you.
You were a creature of crystalline ice.
You visited 1 branch of the dungeon, and saw 9 of its levels.

You collected 420 gold pieces.

Inventory:

Hand Weapons
 q - a +0 shortbow of venom
 w - the +8 mace "Gnoll's Curse" (melded) {vorpal, rF+ rCorr Dex+3}
   (You found it on level 6 of the Dungeon)

   It inflicts extra damage upon your enemies.
   Dex:       It affects your dexterity (+3).
   rF:        It protects you from fire.
   rCorr:     It protects you from acid and corrosion.
 E - a +1 dagger of venom
 H - a +2 whip of electrocution
 I - a +3 trident
 J - a +2 dire flail
Missiles
 b - 3 curare-tipped darts (quivered)
 g - 427 stones
 m - a throwing net
 p - 13 poisoned darts
 B - 6 javelins
 F - 5 atropa-tipped darts
Armour
 a - a +0 robe (melded)
 i - a +0 leather armour
 r - a +0 cloak (melded)
 t - a +0 pair of gloves (melded)
 y - a +0 buckler (melded)
 D - a +2 cloak
Jewellery
 e - a +6 ring of intelligence (left front paw)
Wands
 C - a wand of flame (32)
Scrolls
 d - 3 scrolls of blinking
 k - a scroll of teleportation
 l - a scroll of torment
 o - a scroll of magic mapping
 s - 2 scrolls of amnesia
 x - a scroll of identify {@r1}
Potions
 c - a potion of mutation {unknown}
 h - 2 potions of haste
 j - 2 potions of flight
 n - a potion of heal wounds {unknown}
 u - 2 potions of magic {unknown}
 v - a potion of resistance {unknown}
 z - a potion of attraction {unknown}
 A - a potion of ambrosia {unknown}
 G - a potion of brilliance {unknown}


   Skills:
 + Level 6.1 Fighting
 + Level 5.4 Short Blades
 + Level 5.4 Long Blades
 + Level 5.4 Axes
 + Level 5.4 Maces & Flails
 + Level 5.4 Polearms
 + Level 5.4 Staves
 + Level 5.4 Slings
 + Level 5.4 Bows
 + Level 5.4 Crossbows
 + Level 5.4 Throwing
 + Level 5.4 Armour
 + Level 7.2 Dodging
 + Level 5.4 Stealth
 + Level 5.4 Shields
 + Level 8.6 Unarmed Combat
 + Level 7.5 Spellcasting
 + Level 4.5 Conjurations
 + Level 4.5 Hexes
 + Level 4.5 Summonings
 + Level 4.5 Necromancy
 + Level 4.5 Translocations
 + Level 6.0 Transmutations
 + Level 4.5 Fire Magic
 + Level 4.5 Ice Magic
 + Level 4.5 Air Magic
 + Level 4.5 Earth Magic
 + Level 4.5 Poison Magic
 + Level 6.0 Invocations
 + Level 5.4 Evocations


You had 13 spell levels left.
You knew the following spells:

 Your Spells              Type           Power      Damage    Failure   Level
a - Spider Form           Tmut/Pois      31%        N/A       2%          3
b - Ice Form              Ice/Tmut       31%        N/A       9%          4
c - Call Canine Familiar  Summ           28%        N/A       3%          3
d - Animate Skeleton      Necr           56%        N/A       1%          1

Your spell library contained the following spells:

 Spells                   Type           Power      Damage    Failure   Level
 Beastly Appendage        Tmut           68%        N/A       1%          1
 Summon Small Mammal      Summ           100%       N/A       1%          1
 Corpse Rot               Necr/Air       56%        N/A       1%          2
 Wereblood                Tmut           34%        N/A       1%          2
 Summon Guardian Golem    Hex/Summ       28%        N/A       3%          3
 Vampiric Draining        Necr           28%        2d8       3%          3
 Anguish                  Hex/Necr       14%        N/A       12%         4
 Animate Dead             Necr           14%        N/A       12%         4
 Dispel Undead            Necr           28%        3d13      12%         4
 Agony                    Necr           28%        N/A       34%         5
 Borgnjor's Vile Clutch   Necr/Erth      14%        N/A       34%         5
 Death Channel            Necr           14%        N/A       88%         6


Dungeon Overview and Level Annotations

Branches:
Dungeon (9/15)             Temple (0/1) D:4
   Lair: D:8-11         Orc: D:9-12

Altars:
Ashenzari
Elyvilon
Fedhas
Hepliaklqana
Kikubaaqudgha
Sif Muna
Trog
Vehumet
Zin

Annotations:
D:1 exclusion: downstairs
D:9 exclusion: oklob sapling


Innate Abilities, Weirdness & Mutations

You are a creature of crystalline ice.
You have a powerful freezing melee attack.
You are amphibious.
Your maximum health is increased.
Your armour is entirely melded.
You are incapable of wielding weapons or throwing items.
((You have very sharp teeth.))
Your uncanny sense of smell can sniff out nearby items.
Your experience applies equally to all skills.


Message History

You feel yourself speed up.
The water moccasin attacks as you move away!
The water moccasin completely misses you.
Casting: Spider Form (dangerous; 10% risk of failure)
Confirm with . or Enter, or press ? or * to list all spells.
Your transformation has ended.
The +8 mace "Gnoll's Curse" {vorpal, rF+ rCorr Dex+3} unmelds from your body.
Your +0 cloak unmelds from your body.
Your +0 pair of gloves unmelds from your body.
Your +0 buckler unmelds from your body.
Your +0 robe unmelds from your body.
You turn into a creature of crystalline ice.
The +8 mace "Gnoll's Curse" {vorpal, rF+ rCorr Dex+3} melds into your body.
Your +0 cloak melds into your body.
Your +0 pair of gloves melds into your body.
Your +0 buckler melds into your body.
Your +0 robe melds into your body.
The water moccasin closely misses you.
The water moccasin bites you but does no damage.
The water moccasin misses you.
You barely miss the water moccasin. The water moccasin bites you.
* * * LOW HITPOINT WARNING * * *
You hit the water moccasin.
The water moccasin seems to slow down.
You freeze the water moccasin.
The water moccasin is lightly wounded.
The water moccasin bites you.
* * * LOW HITPOINT WARNING * * *
You hit the water moccasin but do no damage.
The water moccasin is lightly wounded.
You closely miss the water moccasin.
The water moccasin is lightly wounded.
The water moccasin bites you.
* * * LOW HITPOINT WARNING * * *
You hit the water moccasin.
The water moccasin seems to slow down.
You freeze the water moccasin.
The water moccasin is moderately wounded.
The water moccasin bites you but does no damage.
You hit the water moccasin but do no damage.
The water moccasin is moderately wounded.
The water moccasin bites you.
You die...
Kikubaaqudgha rasps: "You have failed me!
Welcome... death!"

#o.≈.....# ∆ ##
#o.≈♣♣+..# ≈P# # #..≈♣
### ∆ ≈≈#.# #..≈♣
≈≈≈#### .≈≈P.# .#...♣∆
♣S≈≈≈†♣♣.≈P..#
.#...♣♣♣♣♣♣♣♣♣♣.P.#####
.#..........#.........#
.#..........#..####...#
.#..........#..SY.#####
.#...)..)...#.........#
.#...)).....#..####...#
...............# ###
...............#
...............#
...............#
#############..# ∆ #..#


You could see a water moccasin (slow).

Vanquished Creatures
  A two-headed ogre (D:9)
  Pikel (D:8)
  2 hornets (D:9)
  3 yaks (D:8)
  2 steam dragons
  2 water moccasins
  2 orc warriors
  A black bear (D:4)
  A sky beast (D:7)
  2 ogres
  3 centaurs
  3 lemures (D:8)
  A gnoll sergeant (D:9)
  4 bullfrogs
  5 scorpions
  7 wights
  6 killer bees (D:7)
  A howler monkey (D:4)
  A gnoll shaman (D:4)
  3 hounds
  3 orc priests
  An iguana (D:5)
  Crazy Yiuf (D:6)
  6 orc wizards
  15 gnolls
  8 adders
  2 shadow imps
  2 white imps
  2 ufetubi
  A worm (D:2)
  2 dart slugs
  30 orcs
  16 ball pythons
  7 endoplasms
  A giant cockroach (D:3)
  10 goblins
  9 hobgoblins
  4 jackals
  6 quokkas
  5 bats
  3 frilled lizards
  2 kobolds
  10 rats
197 creatures vanquished.

Vanquished Creatures (collateral kills)
  A wight (D:9)
1 creature vanquished.

Vanquished Creatures (others)
  A lemure (D:8)
  5 plants (D:9)
6 creatures vanquished.

Grand Total: 204 creatures vanquished

Notes
Turn   | Place    | Note
-------+----------+-------------------------------------------
     0 | D:1      | dolemite99 the Gnoll Transmuter began the quest for the
                  | Orb.
     0 | D:1      | Reached XP level 1. HP: 17/17 MP: 6/6
   264 | D:1      | Reached XP level 2. HP: 21/23 MP: 5/7
  1012 | D:1      | Found a faded altar of an unknown god.
  1014 | D:1      | Prayed at the altar of an unknown god.
  1014 | D:1      | Became a worshipper of Kikubaaqudgha
  1014 | D:1      | Reached * piety under Kikubaaqudgha
  1014 | D:1      | Received a gift from Kikubaaqudgha
  1057 | D:2      | Noticed an ogre
  1121 | D:2      | Reached XP level 3. HP: 28/28 MP: 7/9
  1126 | D:2      | Reached skill level 5 in Spellcasting
  1140 | D:2      | Reached skill level 1 in Invocations
  1882 | D:2      | Learned a level 3 spell: Spider Form
  2022 | D:2      | Reached skill level 1 in Short Blades
  2022 | D:2      | Reached skill level 1 in Long Blades
  2022 | D:2      | Reached skill level 1 in Axes
  2022 | D:2      | Reached skill level 1 in Maces & Flails
  2022 | D:2      | Reached skill level 1 in Polearms
  2022 | D:2      | Reached skill level 1 in Staves
  2022 | D:2      | Reached skill level 1 in Slings
  2022 | D:2      | Reached skill level 1 in Bows
  2022 | D:2      | Reached skill level 1 in Crossbows
  2022 | D:2      | Reached skill level 1 in Throwing
  2022 | D:2      | Reached skill level 1 in Armour
  2022 | D:2      | Reached skill level 1 in Stealth
  2022 | D:2      | Reached skill level 1 in Shields
  2022 | D:2      | Reached skill level 1 in Evocations
  2315 | D:3      | Reached XP level 4. HP: 28/34 MP: 7/11
  2394 | D:3      | Reached ** piety under Kikubaaqudgha
  3691 | D:4      | Learned a level 1 spell: Animate Skeleton
  3742 | D:4      | Reached skill level 1 in Conjurations
  3742 | D:4      | Reached skill level 1 in Hexes
  3742 | D:4      | Reached skill level 1 in Summonings
  3742 | D:4      | Reached skill level 1 in Necromancy
  3742 | D:4      | Reached skill level 1 in Translocations
  3742 | D:4      | Reached skill level 1 in Fire Magic
  3742 | D:4      | Reached skill level 1 in Ice Magic
  3742 | D:4      | Reached skill level 1 in Air Magic
  3742 | D:4      | Reached skill level 1 in Earth Magic
  3742 | D:4      | Reached skill level 1 in Poison Magic
  3806 | D:4      | Reached XP level 5. HP: 31/40 MP: 8/12
  4243 | D:4      | Reached XP level 6. HP: 47/47 MP: 9/13
  4353 | D:4      | Reached skill level 5 in Dodging
  4438 | D:4      | Found a broken altar of Ashenzari.
  4439 | D:4      | Noticed a black bear
  4450 | D:4      | Killed a black bear
  4852 | D:4      | Found a staircase to the Ecumenical Temple.
  4923 | D:4      | Reached XP level 7. HP: 52/52 MP: 15/15
  5058 | D:4      | Reached skill level 7 in Unarmed Combat
  5186 | D:4      | Found a hazy altar of Hepliaklqana.
  5270 | D:5      | Entered Level 5 of the Dungeon
  5372 | D:5      | Reached *** piety under Kikubaaqudgha
  5372 | D:5      | Received a gift from Kikubaaqudgha
  5835 | D:5      | Learned a level 4 spell: Ice Form
  5998 | D:5      | Found a bloodstained altar of Trog.
  6179 | D:5      | Reached XP level 8. HP: 33/60 MP: 13/16
  7038 | D:6      | Found a runed translucent door.
  7039 | D:6      | Noticed Crazy Yiuf
  7051 | D:6      | Killed Crazy Yiuf
  7226 | D:6      | Identified the +8 mace "Gnoll's Curse" {vorpal, rF+ rCorr
                  | Dex+3}
  7880 | D:6      | Found a white marble altar of Elyvilon.
  9359 | D:7      | Reached skill level 5 in Transmutations
  9359 | D:7      | Reached XP level 9. HP: 38/66 MP: 14/18
 10551 | D:7      | Found a glowing silver altar of Zin.
 10627 | D:7      | Reached skill level 5 in Fighting
 11314 | D:7      | Found a shimmering blue altar of Sif Muna.
 11361 | D:7      | Found a blossoming altar of Fedhas.
 11811 | D:8      | Reached skill level 8 in Unarmed Combat
 12638 | D:8      | Noticed Pikel
 12660 | D:8      | Reached skill level 5 in Invocations
 13007 | D:8      | Killed Pikel
 13008 | D:8      | Reached XP level 10. HP: 42/74 MP: 18/20
 13501 | D:8      | Learned a level 3 spell: Call Canine Familiar
 13514 | D:8      | Found a radiant altar of Vehumet.
 13926 | D:8      | Reached skill level 5 in Short Blades
 13926 | D:8      | Reached skill level 5 in Long Blades
 13926 | D:8      | Reached skill level 5 in Axes
 13926 | D:8      | Reached skill level 5 in Maces & Flails
 13926 | D:8      | Reached skill level 5 in Polearms
 13926 | D:8      | Reached skill level 5 in Staves
 13926 | D:8      | Reached skill level 5 in Slings
 13926 | D:8      | Reached skill level 5 in Bows
 13926 | D:8      | Reached skill level 5 in Crossbows
 13926 | D:8      | Reached skill level 5 in Throwing
 13926 | D:8      | Reached skill level 5 in Armour
 13926 | D:8      | Reached skill level 5 in Stealth
 13926 | D:8      | Reached skill level 5 in Shields
 13926 | D:8      | Reached skill level 5 in Evocations
 15035 | D:9      | Reached **** piety under Kikubaaqudgha
 15103 | D:9      | Noticed a two-headed ogre
 15113 | D:9      | Killed a two-headed ogre
 16326 | D:9      | HP: 3/91 [water moccasin (3)]
 16328 | D:9      | Slain by a water moccasin

Illustrated notes

Levels and vault maps discovered:
D:1:      ncdulo_watergridlock, layout_rooms, chequers_ecumenical_altar_twisty
D:2:      layout_loops_ring
D:3:      layout_loops_cross, st_stairs_5, skrybe_limestone_x
D:4:      layout_loops_ring, nicolae_hepliaklqana_hippocampus,
          old_standard_altar, minmay_temple_entry_waves, grunt_ministairs_1
D:5:      layout_rooms, trog_hazing_becter, guppyfry_early_orc_mine
D:6:      nicolae_cairo_tiling, layout_loops_ring, elyvilon_altar_5,
          uniq_crazy_yiuf_cottage
D:7:      layout_basic, fedhas_altar_4,
          mainiacjoe_overflow_concentric_impassable, lemuel_doored_altar
D:8:      layout_loops_cross, mainiacjoe_overflow_chevrons, uniq_pikel
D:9:      nicolae_cairo_tiling_very_big, layout_grid_maze, old_standard_altar,
          serial_park_tiny_1, introduction_to_nature_1

Skill      XL: |  1  2  3  4  5  6  7  8  9 10 |
---------------+-------------------------------+-----
Spellcasting   | 5 6 7 |  7.5
Invocations    | 1 2 3 4 5 6 |  6.0
Short Blades   | 1 2 3 4 5 |  5.4
Long Blades    | 1 2 3 4 5 |  5.4
Axes           | 1 2 3 4 5 |  5.4
Maces & Flails | 1 2 3 4 5 |  5.4
Polearms       | 1 2 3 4 5 |  5.4
Staves         | 1 2 3 4 5 |  5.4
Slings         | 1 2 3 4 5 |  5.4
Bows           | 1 2 3 4 5 |  5.4
Crossbows      | 1 2 3 4 5 |  5.4
Throwing       | 1 2 3 4 5 |  5.4
Armour         | 1 2 3 4 5 |  5.4
Stealth        | 1 2 3 4 5 |  5.4
Shields        | 1 2 3 4 5 |  5.4
Evocations     | 1 2 3 4 5 |  5.4
Conjurations   | 1 2 3 4 |  4.5
Hexes          | 1 2 3 4 |  4.5
Summonings     | 1 2 3 4 |  4.5
Necromancy     | 1 2 3 4 |  4.5
Translocations | 1 2 3 4 |  4.5
Fire Magic     | 1 2 3 4 |  4.5
Ice Magic      | 1 2 3 4 |  4.5
Air Magic      | 1 2 3 4 |  4.5
Earth Magic    | 1 2 3 4 |  4.5
Poison Magic   | 1 2 3 4 |  4.5
Fighting       | 3 4 5 6 |  6.1
Transmutations | 4 5 6 |  6.0
Dodging        | 5 6 7 |  7.2
Unarmed Combat | 7 8 |  8.6

Action                   |  1- 3 |  4- 6 |  7- 9 | 10-12 || total
-------------------------+-------+-------+-------+-------++-------
Melee: Unarmed           |    85 |   101 |   251 |   106 ||   543
       Kick              |    11 |     4 |     2 |       ||    17
       Headbutt          |     8 |     3 |     2 |       ||    13
       Bite              |     4 |     1 |     3 |     1 ||     9
       Punch             |     2 |       |     1 |       ||     3
       Mace              |       |       |    39 |     8 ||    47
Throw: Stone             |       |       |     8 |       ||     8
       Dart              |       |       |     5 |       ||     5
 Cast: Beastly Appendage |    28 |     9 |     3 |       ||    40
       Spider Form       |     2 |    13 |    34 |     4 ||    53
       Ice Form          |       |       |       |     7 ||     7
       Call Canine Famil |       |       |       |     5 ||     5
       Animate Skeleton  |       |       |       |     2 ||     2
Invok: Receive Corpses   |       |       |     1 |     1 ||     2
Evoke: Wand              |       |       |       |     2 ||     2
  Use: Scroll            |       |     8 |     4 |     2 ||    14
       Potion            |       |       |     3 |     1 ||     4
 Stab: Sleeping          |       |     3 |     3 |       ||     6
Armor: Robe              |    11 |    10 |    11 |     4 ||    36
       Skin              |       |     3 |    50 |    12 ||    65
Dodge: Dodged            |    90 |    72 |   279 |   139 ||   580
Block: Buckler           |       |       |     8 |     5 ||    13

Table legend: (Time is in decaauts)
 A = Elapsed time spent in this place.
 B = Non-inter-level travel time spent in this place.
 C = Inter-level travel time spent in this place.
 D = Time resting spent in this place.
 E = Time spent auto-exploring this place.
 F = Levels seen in this place.
 G = Mean time per level.
                   A        B        C        D        E       F      G
               +--------+--------+--------+--------+--------+-----+--------+
         Total |  16252 |  15979 |    273 |   9032 |   4707 |   9 | 1805.8 |
       Dungeon |  16252 |  15979 |    273 |   9032 |   4707 |   9 | 1805.8 |
               +--------+--------+--------+--------+--------+-----+--------+

Top non-repeatable levels by time:
     D:7: 2576 daAuts
     D:8: 2475 daAuts
     D:6: 2252 daAuts
     D:9: 2041 daAuts
     D:5: 1658 daAuts
     D:4: 1578 daAuts
     D:3: 1469 daAuts
     D:1: 1158 daAuts
     D:2: 1042 daAuts
